 Dungeon Crawl Stone Soup version 0.29-a0-838-g385bb11a5b (webtiles) character file.

Game seed: 12378658402998921717

70 xian the Grasshopper (level 4, -5/36 HPs)
             Began as a Palentonga Warper on July 14, 2022.
             Killed by divine providence
             ... invoked by an orc priest
              (12 damage)
             ... on level 3 of the Dungeon.
             The game lasted 00:06:25 (2608 turns).

xian the Grasshopper (Palentonga Warper)            Turns: 2608, Time: 00:06:26

Health: -5/36      AC:  8    Str: 16    XL:     4   Next: 3%
Magic:  6/7        EV:  9    Int: 14    God:
Gold:   115        SH:  0    Dex:  9    Spells: 5/7 levels left

rFire   . . .      SeeInvis +   f - +1 dagger
rCold   . . .      Faith    .   (no shield)
rNeg    + . .      Spirit   .   a - +0 leather armour
rPois   .          Reflect  .   o - +0 helmet
rElec   .          Harm     .   n - +2 cloak
rCorr   .          Rampage  .   (no gloves)
Will    .....                   (no barding)
Stlth   +.........              q - amulet of regeneration
HPRegen 0.92/turn               r - ring of positive energy
MPRegen 0.10/turn               (no ring)

@: no status effects
A: large, rugged brown scales 3, see invisible, deformed body, roll 1, armoured
tail
a: Rolling Charge


You were on level 3 of the Dungeon.
You visited 1 branch of the dungeon, and saw 3 of its levels.

You collected 115 gold pieces.

Inventory:

Hand Weapons
 f - a +1 dagger (weapon)
Missiles
 c - 7 boomerangs of dispersal
Armour
 a - a +0 leather armour (worn)
 i - a +0 chain mail
 n - a +2 cloak (worn)
 o - a +0 helmet (worn)
Jewellery
 q - an amulet of regeneration (around neck)
 r - a ring of positive energy (left hand)
Scrolls
 b - a scroll of blinking
 d - a scroll of brand weapon {unknown}
 e - a scroll of acquirement {unknown}
 g - a scroll of poison {unknown}
 k - a scroll of teleportation {unknown}
 l - a scroll of immolation {unknown}
 p - 2 scrolls of enchant weapon
Potions
 h - 3 potions of mutation
 j - a potion of flight {unknown}
 m - a potion of haste {unknown}


   Skills:
 + Level 2.4 Fighting
 + Level 1.0 Short Blades
 + Level 0.6 Throwing
 + Level 1.5 Armour
 + Level 1.9 Dodging
 + Level 2.5 Unarmed Combat
 + Level 2.2 Spellcasting
 + Level 3.2 Translocations


You had 5 spell levels left.
You knew the following spells:

 Your Spells              Type           Power      Damage    Failure   Level
a - Blink                 Tloc           20%        N/A       12%         2

Your spell library contained the following spells:

 Spells                   Type           Power      Damage    Failure   Level
 Gell's Gravitas          Tloc           10%        N/A       22%         3
 Lesser Beckoning         Tloc           10%        N/A       22%         3
 Teleport Other           Tloc           10%        N/A       22%         3
 Manifold Assault         Tloc           10%        N/A       91%         5


Dungeon Overview and Level Annotations

Branches:
Dungeon (3/15)

Altars:
Zin

Annotations:
D:2 1 runed translucent door, Crazy Yiuf


Innate Abilities, Weirdness & Mutations

You are completely covered in rugged brown scales. (AC +3, +7% HP)
You have supernaturally acute eyesight. (SInv)
Armour fits poorly on your strangely shaped body.
You can roll at nearby foes to attack.
You have a long armoured tail.


Message History

You barely miss the orc priest.
The orc priest is severely wounded.
The orc barely misses you.
The orc priest hits you but does no damage.
You hit the orc priest.
Your tail-slap misses the orc priest.
The orc priest is severely wounded.
The orc hits you but does no damage.
The orc priest looks encouraged for a moment.
You hit the orc priest but do no damage.
The orc priest is severely wounded.
The orc hits you with a +0 hand axe.
* * * LOW HITPOINT WARNING * * *
The orc priest hits you but does no damage.
You hit the orc priest but do no damage.
The orc priest is severely wounded.
The orc misses you. The orc priest barely misses you.
You hit the orc priest but do no damage.
You tail-slap the orc priest.
The orc priest is almost dead.
The orc closely misses you.
The orc priest looks encouraged for a moment.
You closely miss the orc priest.
Your tail-slap misses the orc priest.
The orc priest is almost dead.
The orc hits you but does no damage. The orc priest barely misses you.
You hit the orc priest but do no damage.
The orc priest is almost dead.
The orc hits you but does no damage.
The orc priest looks satisfied for a moment.
You closely miss the orc priest.
The orc priest is almost dead.
The orc closely misses you.
The orc priest mumbles some strange prayers to Beogh against you.
Beogh smites you!
* * * LOW HITPOINT WARNING * * *
You closely miss the orc priest.
The orc priest is almost dead.
The orc barely misses you.
The orc priest invokes the aid of Beogh against you.
Beogh smites you!
You die...

#......#.#...#.#####
#......#.....#.(.
#......#..##.#####
.####......#..........
.............#)#.####
.............#.#.#
......)......#.#.#
........o....#.#.#
.......o@....#.#.#
.............#...#
.............##..#
.............##..#
.##############..#
#..# #..# ...$ ....


You could see an orc priest and an orc.

Vanquished Creatures
  An adder (D:2)
  4 orcs (D:3)
  4 ball pythons (D:1)
  4 endoplasms
  A giant cockroach (D:2)
  6 goblins
  5 hobgoblins
  4 jackals (D:2)
  6 quokkas
  3 bats
  3 frilled lizards
  4 kobolds
  4 rats
49 creatures vanquished.

Notes
Turn   | Place    | Note
-------+----------+-------------------------------------------
     0 | D:1      | xian the Palentonga Warper began the quest for the Orb.
     0 | D:1      | Reached XP level 1. HP: 17/17 MP: 3/3
   203 | D:1      | Reached XP level 2. HP: 16/23 MP: 5/5
   339 | D:1      | Learned a level 2 spell: Blink
   444 | D:1      | Found a faded altar of an unknown god.
   864 | D:1      | Reached skill level 1 in Armour
   980 | D:1      | Reached XP level 3. HP: 27/29 MP: 6/6
  1777 | D:2      | Found a runed translucent door.
  1778 | D:2      | Noticed Crazy Yiuf
  2246 | D:2      | Found a glowing silver altar of Zin.
  2545 | D:3      | Reached skill level 1 in Short Blades
  2557 | D:3      | Reached XP level 4. HP: 14/36 MP: 5/7
  2608 | D:3      | Killed from afar by an orc priest

Illustrated notes

Levels and vault maps discovered:
D:1:      dpeg_arrival_leaves_temple_mockup, layout_basic, serial_glass,
          glass_columns_a, glass_columns_a, item_on_display_a,
          minmay_strange_pillars, ebering_ecumenical_altar_rust
D:2:      layout_basic, basic_altar, uniq_crazy_yiuf_cottage
D:3:      layout_basic, mainiacjoe_overflow_boulevard, minitemple,
          ebering_ghost_reflecting_pool, uniq_robin

Skill      XL: |  1  2  3 |
---------------+----------+-----
Armour         | 1 |  1.5
Short Blades   | 1 |  1.0
Fighting       | |  2.4
Throwing       | |  0.6
Dodging        | |  1.9
Unarmed Combat | |  2.5
Spellcasting   | |  2.2
Translocations | |  3.2

Action                   |  1- 3 |  4- 6 || total
-------------------------+-------+-------++-------
Melee: Dagger            |   214 |    41 ||   255
       Tailslap          |    31 |     2 ||    33
       Unarmed           |     4 |       ||     4
       Punch             |     3 |     1 ||     4
 Cast: Blink             |     6 |     1 ||     7
 Abil: Rolling Charge    |    34 |     1 ||    35
  Use: Scroll            |     3 |       ||     3
       Potion            |     1 |       ||     1
Armor: Leather armour    |   114 |    20 ||   134
Dodge: Dodged            |   105 |    31 ||   136

Table legend: (Time is in decaauts)
 A = Elapsed time spent in this place.
 B = Non-inter-level travel time spent in this place.
 C = Inter-level travel time spent in this place.
 D = Time resting spent in this place.
 E = Time spent auto-exploring this place.
 F = Levels seen in this place.
 G = Mean time per level.
                   A        B        C        D        E       F      G
               +--------+--------+--------+--------+--------+-----+--------+
         Total |   2599 |   2556 |     43 |      0 |   1979 |   3 |  866.3 |
       Dungeon |   2599 |   2556 |     43 |      0 |   1979 |   3 |  866.3 |
               +--------+--------+--------+--------+--------+-----+--------+

Top non-repeatable levels by time:
     D:2: 1314 daAuts
     D:1: 1204 daAuts
     D:3: 80 daAuts
